 Dungeon Crawl Stone Soup version 0.18.1-48-g4cf74bf (webtiles) character file.

95 WarriorsX the Covered (level 4, -3/37 HPs)
             Began as a Human Fighter on July 31, 2016.
             Slain by a scorpion (8 damage)
             ... on level 4 of the Dungeon.
             The game lasted 00:03:31 (2226 turns).

WarriorsX the Covered (Human Fighter)               Turns: 2226, Time: 00:03:32

Health: -3/37      AC:  7    Str: 17    XL:     4   Next: 97%
Magic:  4/4        EV:  9    Int:  9    God:
Gold:   170        SH:  6    Dex: 12    Spells: 0 memorised, 3 levels left

rFire  . . .     SeeInvis .     a - +1 long sword
rCold  . . .     Gourm    .     b - +0 scale mail
rNeg   . . .     Faith    .     e - +2 buckler
rPois  .         Spirit   .     (no helmet)
rElec  .         Dismiss  .     (no cloak)
rCorr  .         Reflect  .     (no gloves)
SustAt .         Harm     .     (no boots)
MR     .....                    (no amulet)
Stlth  ..........               (no ring)
                                (no ring)

@: lethally poisoned (-3 -> -17), not resistant to hostile enchantments,
extremely unstealthy
A: no striking features
a: no special abilities


You were on level 4 of the Dungeon.
You were not hungry.

You visited 1 branch of the dungeon, and saw 4 of its levels.

You collected 170 gold pieces.

Inventory:

Hand Weapons
 a - a +1 long sword (weapon)
Armour
 b - a +0 scale mail (worn)
 c - a +0 shield
 e - a +2 buckler (worn)
Scrolls
 i - a scroll of recharging
 l - a scroll of blinking {unknown}
 n - a scroll of identify {unknown}
Potions
 d - a potion of might
 h - a potion of flight
 j - 2 potions of curing
 m - a potion of heal wounds {unknown}
Books
 k - a book of Power

   Spells                             Type                      Level
   a - Fulminant Prism                Conjuration/Hexes            4
   b - Iskenderun's Mystic Blast      Conjuration                  4
   c - Venom Bolt                     Conjuration/Poison           5
   d - Bolt of Magma                  Conjuration/Fire/Earth       5
   e - Iron Shot                      Conjuration/Earth            6
   f - Orb of Destruction             Conjuration                  7
   g - Spellforged Servitor           Conjuration/Summoning        7
Comestibles
 f - a bread ration
 g - 7 fruits


   Skills:
 + Level 3.7 Fighting
 + Level 2.2 Long Blades
 + Level 4.1 Armour
 - Level 0.2 Dodging
 + Level 0.7 Stealth
 + Level 3.4 Shields


You had 3 spell levels left.
You didn't know any spells.

Dungeon Overview and Level Annotations

Branches:
Dungeon (4/15)
 Temple: D:4-7

Altars:


Message History

The scorpion is heavily wounded.
You feel sick. The scorpion stings you.
You closely miss the scorpion.
The scorpion is heavily wounded.
You feel sick. The scorpion stings you!
You are lethally poisoned!
The scorpion poisons you!
Your scale mail prevents you from hitting the scorpion.
The scorpion is heavily wounded.
You feel sick.
The scorpion stings you but does no damage.
The scorpion stings you.
* * * LOW HITPOINT WARNING * * *
You are too injured to fight recklessly!
You are too injured to fight recklessly!
You are too injured to fight recklessly!
You are too injured to fight recklessly!
* * * LOW HITPOINT WARNING * * *
You feel sick. The scorpion stings you!
You die...

....... #. #.## #.####
#... ##+#.#(.. ###.
#.......# #. #.......#
#####.
#.......###########.....
#.......................
#......@####............
#.....s.####............
#.......##..............
#.......##..............
#.......##..............
#.......##..............
#.......##......###.....
#......%##......# ######
##########......######


You could see a scorpion.

Vanquished Creatures
  3 adders
  4 worms
  2 giant geckos
  2 orcs (D:3)
  3 giant cockroaches
  A goblin (D:2)
  9 hobgoblins
  3 jackals (D:2)
  2 quokkas
  2 ball python zombies (D:2)
  8 bats
  A giant gecko skeleton (D:2)
  A giant newt (D:4)
  A jackal zombie (D:2)
  3 kobolds
  8 rats
53 creatures vanquished.

Notes
Turn   | Place    | Note
--------------------------------------------------------------
     0 | D:1      | WarriorsX the Human Fighter began the quest for the Orb.
     0 | D:1      | Reached XP level 1. HP: 18/18 MP: 1/1
     6 | D:1      | Noticed a hound
     6 | D:1      | Noticed a black mamba
     6 | D:1      | Noticed a rime drake
     6 | D:1      | Noticed a lindwurm
   100 | D:1      | Reached XP level 2. HP: 21/24 MP: 2/2
   512 | D:1      | Reached XP level 3. HP: 29/29 MP: 3/3
  1407 | D:3      | Reached XP level 4. HP: 35/35 MP: 4/4
  1552 | D:3      | Reached skill level 4 in Armour
  2123 | D:4      | Noticed Eustachio
  2226 | D:4      | Slain by a scorpion

Skill      XL: |  1  2  3  4 |
---------------+-------------+-----
Armour         | 4 |  4.1
Fighting       | |  3.7
Long Blades    | |  2.2
Dodging        | |  0.2
Stealth        | |  0.7
Shields        | |  3.4

Action                   |  1- 3 |  4- 6 || total
-------------------------+-------+-------++-------
Melee: Long sword        |   135 |    63 ||   198
  Use: Scroll            |     2 |     1 ||     3
       Potion            |     2 |     1 ||     3
 Stab: Invisible         |     1 |       ||     1
  Eat: Chunk             |       |     5 ||     5
Armor: Scale mail        |    75 |    35 ||   110
Dodge: Dodged            |    59 |    34 ||    93
Block: Shield            |    40 |       ||    40
       Buckler           |    23 |    30 ||    53
